 Dungeon Crawl Stone Soup version 0.30-a0-629-gd54f4be4f7 (webtiles) character file.

Game seed: 1252864877350437840

1442 themarg the Insei (level 8, 0/61 HPs)
             Began as a Gnoll Transmuter on Jan 13, 2023.
             Was a Priest of Qazlal.
             Succumbed to a water moccasin's poison
             ... on level 6 of the Dungeon.
             The game lasted 00:11:57 (4484 turns).

themarg the Insei (Gnoll Transmuter)                Turns: 4484, Time: 00:11:58

Health: 0/61       AC:  2    Str:  9    XL:     8   Next: 74%
Magic:  15/17      EV: 14    Int: 14    God:    Qazlal [***...]
Gold:   141        SH:  4    Dex: 14    Spells: 13/19 levels left

rFire   . . .      SeeInvis .      - Unarmed
rCold   . . .      Faith    .    (no shield)
rNeg    . . .      Spirit   .    a - +0 robe
rPois   .          Reflect  .    (no helmet)
rElec   .          Harm     .    (no cloak)
rCorr   +          Rampage  .    (no gloves)
Will    .....                    (no boots)
Stlth   ++                       (no amulet)
HPRegen 0.30/turn                A - ring of resist corrosion
MPRegen 0.15/turn                (no ring)

@: lethally poisoned (0 -> -8)
A: fangs 1, strong nose, distributed training
a: Renounce Religion, Upheaval, Elemental Force


You were on level 6 of the Dungeon.
You worshipped Qazlal.
Qazlal was most pleased with you.
You visited 1 branch of the dungeon, and saw 6 of its levels.

You collected 189 gold pieces.
You spent 48 gold pieces at shops.

Inventory:

Missiles
 d - 5 poisoned darts
 f - 22 stones
 r - 2 curare-tipped darts
 v - a boomerang
Armour
 a - a +0 robe (worn)
Jewellery
 q - an amulet of faith
 A - a ring of resist corrosion (left hand)
Wands
 x - a wand of mindburst (36)
 y - a wand of roots (10)
Scrolls
 b - 2 scrolls of vulnerability
 c - 3 scrolls of poison
 e - 2 scrolls of magic mapping
 g - a scroll of acquirement {unknown}
 h - a scroll of blinking {unknown}
 i - a scroll of noise {unknown}
 j - 4 scrolls of teleportation
 n - a scroll of enchant armour {unknown}
 w - a scroll of fear {unknown}
Potions
 k - a potion of haste
 l - 4 potions of brilliance
 m - a potion of curing
 o - a potion of invisibility {unknown}
 p - a potion of flight {unknown}
 s - a potion of heal wounds {unknown}
 t - a potion of degeneration {unknown}
 u - a potion of lignification
 z - a potion of berserk rage {unknown}


   Skills:
 + Level 4.5 Fighting
 + Level 3.6 Short Blades
 + Level 3.6 Long Blades
 + Level 3.6 Axes
 + Level 3.6 Maces & Flails
 + Level 3.6 Polearms
 + Level 3.6 Staves
 + Level 3.6 Ranged Weapons
 + Level 3.6 Throwing
 + Level 3.6 Armour
 + Level 5.9 Dodging
 + Level 3.6 Stealth
 + Level 3.6 Shields
 + Level 7.6 Unarmed Combat
 + Level 6.2 Spellcasting
 + Level 3.0 Conjurations
 + Level 3.0 Hexes
 + Level 3.0 Summonings
 + Level 3.0 Necromancy
 + Level 3.0 Translocations
 + Level 4.9 Transmutations
 + Level 3.0 Fire Magic
 + Level 3.0 Ice Magic
 + Level 3.0 Air Magic
 + Level 3.0 Earth Magic
 + Level 3.0 Poison Magic
 + Level 4.0 Invocations
 + Level 3.6 Evocations


You had 13 spell levels left.
You knew the following spells:

 Your Spells              Type           Power      Damage    Failure   Level
a - Beastly Appendage     Tmut           36%        N/A       1%          1
b - Wereblood             Tmut           18%        N/A       3%          2
c - Spider Form           Tmut/Pois      15%        N/A       9%          3

Your spell library contained the following spells:

 Spells                   Type           Power      Damage    Failure   Level
 Sandblast                Erth           24%        2d8       4%          1
 Passwall                 Tmut/Erth      12%        N/A       4%          2
 Stone Arrow              Conj/Erth      24%        3d8       13%         3
 Ice Form                 Ice/Tmut       15%        N/A       30%         4


Dungeon Overview and Level Annotations

Branches:
Dungeon (6/15)
 Temple: D:4-7

Altars:
Kikubaaqudgha
Qazlal
Trog
Yredelemnul
Zin

Shops:
D:4 [   D:5 :   D:6 *

Annotations:
D:4 2 transporters


Innate Abilities, Weirdness & Mutations

You have very sharp teeth.
Your uncanny sense of smell can sniff out nearby items.
Your experience applies equally to all skills.


Message History

The water moccasin is lightly wounded.
You feel extremely sick.
The water moccasin is engulfed in blazing flames.
You kill the water moccasin!
Qazlal accepts your kill.
The water moccasin is engulfed in freezing vapours.
The water moccasin seems to slow down.
The water moccasin bites you.
You hit the water moccasin but do no damage.
The water moccasin is heavily wounded.
You feel extremely sick.
The water moccasin is engulfed in freezing vapours.
The water moccasin barely misses you.
You hit the water moccasin.
You kill the water moccasin!
Qazlal accepts your kill.
* * * LOW HITPOINT WARNING * * *
You feel very sick.
Your Conjurations skill increases to level 3!
Your Hexes skill increases to level 3!
Your Summonings skill increases to level 3!
Your Necromancy skill increases to level 3!
Your Translocations skill increases to level 3!
Your Fire Magic skill increases to level 3!
Your Ice Magic skill increases to level 3!
Your Air Magic skill increases to level 3!
Your Earth Magic skill increases to level 3!
Your Poison Magic skill increases to level 3!
Your Invocations skill increases to level 4!
* * * LOW HITPOINT WARNING * * *
You feel very sick.
You see here a water moccasin corpse.
Your transformation has ended.
Your +0 robe unmelds from your body.
* * * LOW HITPOINT WARNING * * *
You feel very sick.
* * * LOW HITPOINT WARNING * * *
You feel very sick.
* * * LOW HITPOINT WARNING * * *
You feel sick.
You die...

#. ... ## ###.##.#
...#....>..# #
#.#.##.##?#####
.##.<.#.........#
...........†.#+####
#........#.......#
#........+.......#
#####.#...##@....$.#
#.........##.......#
##.###..#.##.......#
#....##.......#
#.############# #.#
#.# #.# #.#
#######.#####.# #
#....##.#...#.#


There were no monsters in sight!

Vanquished Creatures
  Duvessa (D:5)
  2 water moccasins (D:6)
  4 black bears
  A phantom (D:4)
  A necrophage (D:4)
  A scorpion (D:4)
  Dowan (D:5)
  4 hounds
  7 iguanas
  An orc wizard (D:5)
  6 adders
  3 gnolls (D:5)
  A shadow imp (D:5)
  A white imp (D:5)
  An ufetubus (D:4)
  2 dart slugs
  11 orcs
  9 bats
  6 endoplasms
  A giant cockroach (D:3)
  5 goblins
  7 hobgoblins
  15 jackals
  6 kobolds
  4 quokkas
  6 ball pythons
  2 frilled lizards (D:2)
  4 rats
113 creatures vanquished.

Vanquished Creatures (others)
  A plant (D:4)
1 creature vanquished.

Grand Total: 114 creatures vanquished

Notes
Turn   | Place    | Note
-------+----------+-------------------------------------------
     0 | D:1      | themarg the Gnoll Transmuter began the quest for the Orb.
     0 | D:1      | Reached XP level 1. HP: 17/17 MP: 6/6
   119 | D:1      | Reached XP level 2. HP: 13/23 MP: 7/7
   290 | D:1      | Learned a level 2 spell: Wereblood
   425 | D:1      | Reached skill level 5 in Spellcasting
   425 | D:1      | Reached XP level 3. HP: 28/28 MP: 6/9
   929 | D:2      | Reached skill level 1 in Invocations
  1131 | D:2      | Found a faded altar of an unknown god.
  1142 | D:2      | Prayed at the altar of an unknown god.
  1142 | D:2      | Became a worshipper of Qazlal Stormbringer
  1142 | D:2      | Reached * piety under Qazlal
  1216 | D:2      | Reached skill level 1 in Short Blades
  1216 | D:2      | Reached skill level 1 in Long Blades
  1216 | D:2      | Reached skill level 1 in Axes
  1216 | D:2      | Reached skill level 1 in Maces & Flails
  1216 | D:2      | Reached skill level 1 in Polearms
  1216 | D:2      | Reached skill level 1 in Staves
  1216 | D:2      | Reached skill level 1 in Ranged Weapons
  1216 | D:2      | Reached skill level 1 in Throwing
  1216 | D:2      | Reached skill level 1 in Armour
  1216 | D:2      | Reached skill level 1 in Stealth
  1216 | D:2      | Reached skill level 1 in Shields
  1216 | D:2      | Reached skill level 1 in Evocations
  1277 | D:2      | Reached XP level 4. HP: 19/34 MP: 11/11
  1625 | D:3      | Reached skill level 1 in Conjurations
  1625 | D:3      | Reached skill level 1 in Hexes
  1625 | D:3      | Reached skill level 1 in Summonings
  1625 | D:3      | Reached skill level 1 in Necromancy
  1625 | D:3      | Reached skill level 1 in Translocations
  1625 | D:3      | Reached skill level 1 in Fire Magic
  1625 | D:3      | Reached skill level 1 in Ice Magic
  1625 | D:3      | Reached skill level 1 in Air Magic
  1625 | D:3      | Reached skill level 1 in Earth Magic
  1625 | D:3      | Reached skill level 1 in Poison Magic
  1689 | D:3      | Found a glowing silver altar of Zin.
  2137 | D:3      | Reached XP level 5. HP: 37/40 MP: 10/12
  2141 | D:3      | Learned a level 3 spell: Spider Form
  2273 | D:3      | Reached ** piety under Qazlal
  2439 | D:4      | Noticed a kobold demonologist
  2467 | D:4      | Found a transporter.
  2508 | D:4      | Found a transporter.
  2512 | D:4      | Noticed a black bear
  2521 | D:4      | Killed a black bear
  2522 | D:4      | Reached XP level 6. HP: 42/47 MP: 11/14
  2587 | D:3      | Reached skill level 5 in Dodging
  2782 | D:4      | Found a bloodstained altar of Trog.
  2790 | D:4      | Found an ancient bone altar of Kikubaaqudgha.
  2820 | D:4      | Reached skill level 7 in Unarmed Combat
  2820 | D:4      | Reached XP level 7. HP: 48/52 MP: 11/15
  2943 | D:4      | Found a basalt altar of Yredelemnul.
  3215 | D:4      | Found Ufodinn's Antique Armour Shoppe.
  3451 | D:5      | Entered Level 5 of the Dungeon
  3592 | D:5      | Noticed Duvessa
  3593 | D:5      | Noticed Dowan
  3683 | D:5      | Killed Duvessa
  3684 | D:5      | Reached XP level 8. HP: 44/60 MP: 13/16
  3703 | D:5      | Killed Dowan
  3703 | D:5      | Reached *** piety under Qazlal
  3978 | D:5      | Found Qiub's Book Boutique.
  4417 | D:6      | Found Fozeycwo's Assorted Antiques.
  4446 | D:6      | Bought a scroll of identify for 48 gold pieces
  4482 | D:6      | HP: 3/61 [poisoned by a water moccasin]
  4484 | D:6      | Succumbed to a water moccasin's poison

Illustrated notes

Levels and vault maps discovered:
D:1:      wheals_arrival_shading, layout_loops_ring
D:2:      layout_loops_cross, hellmonk_ecumenical_altar_heavens_door,
          kennysheep_pointless_box
D:3:      layout_loops_cross, overflow_temple_1_default, minivault_4
D:4:      gammafunk_wand_slinger, layout_cave_pools,
          mainiacjoe_overflow_alcove_4,
          chequers_temple_overflow_statue_of_worship, serial_shops,
          nicolae_shop_overgrown_old_shop, grunt_ministairs_12
D:5:      layout_rooms, serial_rivers, chequers_serial_rivers_small_b,
          chequers_serial_rivers_small_3, chequers_serial_rivers_large_b,
          chequers_serial_rivers_micro_a, chequers_serial_rivers_micro_c,
          chequers_serial_rivers_small_a, serial_shops, shop, uniq_duvessa
D:6:      layout_basic, chei_slow_surprise, serial_shops, kennysheep_mini,
          nicolae_shop_overgrown_old_shop, shop_coins, uniq_sigmund

Skill      XL: |  1  2  3  4  5  6  7  8 |
---------------+-------------------------+-----
Spellcasting   | 5 6 |  6.2
Invocations    | 1 2 3 4 |  4.0
Short Blades   | 1 2 3 |  3.6
Long Blades    | 1 2 3 |  3.6
Axes           | 1 2 3 |  3.6
Maces & Flails | 1 2 3 |  3.6
Polearms       | 1 2 3 |  3.6
Staves         | 1 2 3 |  3.6
Ranged Weapons | 1 2 3 |  3.6
Throwing       | 1 2 3 |  3.6
Armour         | 1 2 3 |  3.6
Stealth        | 1 2 3 |  3.6
Shields        | 1 2 3 |  3.6
Evocations     | 1 2 3 |  3.6
Conjurations   | 1 2 3 |  3.0
Hexes          | 1 2 3 |  3.0
Summonings     | 1 2 3 |  3.0
Necromancy     | 1 2 3 |  3.0
Translocations | 1 2 3 |  3.0
Fire Magic     | 1 2 3 |  3.0
Ice Magic      | 1 2 3 |  3.0
Air Magic      | 1 2 3 |  3.0
Earth Magic    | 1 2 3 |  3.0
Poison Magic   | 1 2 3 |  3.0
Fighting       | 3 4 |  4.5
Transmutations | 4 |  4.9
Dodging        | 5 |  5.9
Unarmed Combat | 7 |  7.6

Action                   |  1- 3 |  4- 6 |  7- 9 || total
-------------------------+-------+-------+-------++-------
Melee: Unarmed           |   114 |   124 |   135 ||   373
       Kick              |    15 |    17 |       ||    32
       Headbutt          |     8 |     5 |       ||    13
       Bite              |     1 |     5 |       ||     6
       Punch             |     1 |       |       ||     1
 Cast: Beastly Appendage |    20 |    21 |       ||    41
       Wereblood         |     1 |       |     2 ||     3
       Spider Form       |       |     9 |    24 ||    33
 Abil: End Transformatio |       |       |     1 ||     1
  Use: Potion            |     1 |     1 |       ||     2
       Scroll            |       |       |     6 ||     6
Armor: Robe              |    11 |    14 |       ||    25
       Skin              |     9 |     2 |     2 ||    13
Dodge: Dodged            |    71 |   114 |    98 ||   283
Block: Other             |       |     5 |    21 ||    26

Table legend: (Time is in decaauts)
 A = Elapsed time spent in this place.
 B = Non-inter-level travel time spent in this place.
 C = Inter-level travel time spent in this place.
 D = Time resting spent in this place.
 E = Time spent auto-exploring this place.
 F = Levels seen in this place.
 G = Mean time per level.
                   A        B        C        D        E       F      G
               +--------+--------+--------+--------+--------+-----+--------+
         Total |   4449 |   4328 |    121 |    123 |   3368 |   6 |  741.5 |
       Dungeon |   4449 |   4328 |    121 |    123 |   3368 |   6 |  741.5 |
               +--------+--------+--------+--------+--------+-----+--------+

Top non-repeatable levels by time:
     D:5: 955 daAuts
     D:4: 924 daAuts
     D:3: 907 daAuts
     D:1: 847 daAuts
     D:2: 749 daAuts
     D:6: 64 daAuts
